 Dungeon Crawl Stone Soup version 0.15-a0-1909-gd9acbb9 (webtiles) character file.

136600 PolkaDot the Maledictor (level 16, -14/96 HPs)
             Began as a Vampire Enchanter on July 6, 2014.
             Was the Champion of Makhleb.
             Killed from afar by a tengu reaver (19 damage)
             ... with a bolt of poison
             ... on Level 15 of the Dungeon.
             The game lasted 02:32:07 (33730 turns).

PolkaDot the Maledictor (Vampire Enchanter)        Turns: 33730, Time: 02:32:07

HP -14/96        AC 13     Str 10      XL: 16   Next: 67%
MP  13/32        EV 14     Int 22      God: Makhleb [******]
Gold 2390        SH  5     Dex 14      Spells:  8 memorised,  6 levels left

rFire  + + .     SeeInvis +     A - +5 dagger (flame)
rCold  + + +     Clarity  +     d - +3 leather armour {rF+}
rNeg   + + +     rCorr    .     x - +0 buckler
rPois  +         rRot     +     f - +1 hat {rF+}
rElec  .         Spirit   .     n - +1 cloak
SustAb .         Warding  .     m - +1 pair of gloves
rMut   .         Stasis   .     E - +1 pair of boots
Gourm  .                        Q - amulet of clarity
MR     +....                    l - ring of Steahu {rC+ Str+3}
                                B - ring of invisibility

@: very slightly contaminated, bloodless, non-regenerating, invisible, somewhat
resistant to hostile enchantments, incredibly stealthy
A: bottle blood, fangs 3, see invisible, unbreathing
a: Bat Form, Bottle Blood, Minor Destruction, Lesser Servant of Makhleb, Major
Destruction, Greater Servant of Makhleb, Renounce Religion, Turn Visible


You were on level 15 of the Dungeon.
You worshipped Makhleb.
Makhleb was exalted by your worship.
You were bloodless.

You visited 2 branches of the dungeon, and saw 23 of its levels.
You also visited: Ossuary, Ice Cave and Volcano.

You collected 2576 gold pieces.
You spent 186 gold pieces at shops.

Inventory:

Hand weapons
 A - a +5 dagger of flaming (weapon)
Missiles
 t - 4 throwing nets (quivered)
Armour
 d - a +3 leather armour of fire resistance (worn)
 f - a +1 hat of fire resistance (worn)
 m - a +1 pair of gloves (worn)
 n - a +1 cloak (worn)
 x - a +0 buckler (worn)
 E - a +1 pair of boots (worn)
Magical devices
 a - a wand of digging (19)
 s - a wand of polymorph (7)
 y - a wand of flame (14)
 J - a wand of disintegration (4)
 K - a wand of cold (5)
Scrolls
 b - 4 scrolls of fog
 e - 5 scrolls of teleportation
 g - 11 scrolls of remove curse
 k - 4 scrolls of recharging
 o - 3 scrolls of amnesia
 v - 9 scrolls of blinking
 z - a scroll of fear
 C - a scroll of random uselessness {unknown}
 F - 2 scrolls of magic mapping
 G - a scroll of brand weapon {unknown}
 H - a scroll of torment {unknown}
 L - a scroll of summoning {unknown}
 O - a scroll of immolation {unknown}
Jewellery
 l - the ring of Steahu (right hand) {rC+ Str+3}
   (You found it on level 8 of the Lair of Beasts)

   [ring of strength]

   It affects your strength (+3).
   It protects you from cold.
 B - a ring of invisibility (left hand)
 Q - an amulet of clarity (around neck)
Potions
 c - 4 potions of magic
 h - 2 potions of cure mutation {!q}
 i - a potion of mutation {!q}
 j - 5 potions of flight
 p - 6 potions of curing
 r - 2 potions of invisibility
 w - 2 potions of restore abilities
 D - 4 potions of haste
 M - 2 potions of brilliance
 N - a potion of resistance
Books
 q - a book of Enchantments

   Spells                             Type                      Level
   Tukima's Dance                     Hexes                        3
   *Cause Fear                        Hexes                        4
   Silence                            Hexes/Air                    5
   Deflect Missiles                   Charms/Air                   6
   Haste                              Charms                       6
   Discord                            Hexes                        8
 I - a book of the Dragon

   Spells                             Type                      Level
   *Flight                            Charms/Air                   3
   *Cause Fear                        Hexes                        4
   Bolt of Fire                       Conjuration/Fire             6
   Dragon Form                        Transmutation                7
   Dragon's Call                      Summoning                    9
 P - a book of the Warp

   Spells                             Type                      Level
   Control Teleport                   Charms/Translocation         4
   Phase Shift                        Translocation                5
   Warp Weapon                        Charms/Translocation         5
   Dispersal                          Translocation                6
   Controlled Blink                   Translocation                7
   Disjunction                        Translocation                8


   Skills:
 - Level 12.4 Short Blades
 * Level 6.5 Dodging
 + Level 20.5 Stealth
 - Level 5.0 Shields
 + Level 6.5 Spellcasting
 + Level 21.3 Hexes
 - Level 1.5 Ice Magic
 - Level 15.1 Evocations


You had 6 spell levels left.
You knew the following spells:

 Your Spells              Type           Power        Failure   Level  Hunger
a - Corona                Hex            #######      0%          1    None
b - Sure Blade            Hex/Chrm       ######....   1%          2    None
c - Confuse               Hex            #######.     0%          3    #......
d - Ensorcelled Hibernat  Hex/Ice        ######       1%          2    None
e - Enslavement           Hex            #######.     0%          4    ###....
f - Cause Fear            Hex            #######...   0%          4    ###....
s - Dazzling Spray        Conj/Hex       ######..     1%          3    #......
F - Flight                Chrm/Air       #.........   28%         3    #......


Dungeon Overview and Level Annotations

Branches:
Dungeon (15/15) Temple (0/1) D:7 Orc (0/4) D:11 Lair (8/8) D:10 Swamp (0/5) Lair:3 Spider (0/5) Lair:6 Slime (0/6) Lair:7 Vaults (0/5) D:12 D:13 Depths: D:15

Altars:
Cheibriados
Fedhas
Kikubaaqudgha
Makhleb
Nemelex Xobeh
Sif Muna
Vehumet
Xom
Yredelemnul
Zin

Shops:
D:4 %   D:6 ?

Portals:
Trove: D:14 (give wand of heal wounds (8))

Annotations:
D:4 exclusions: oklob plant and statue
D:7 exclusion: oklob sapling


Innate Abilities, Weirdness & Mutations

You do not heal naturally.
You can bottle blood from corpses.
You have razor-sharp teeth.*
You have supernaturally acute eyesight.
You can survive without breathing.*


Message History

* * * LOW HITPOINT WARNING * * *
The tengu reaver hits you with a great sword!
* * * LOW HITPOINT WARNING * * *
The tengu reaver pecks you but does no damage.
The tengu reaver claws you.
* * * LOW HITPOINT WARNING * * *
Drink which item? (? for menu, Esc to quit)
Okay, then.
Drink which item? (? for menu, Esc to quit)
You feel better.
The wolf spider hits you but does no damage.
The wolf spider bites you.
* * * LOW HITPOINT WARNING * * *
You block the wolf spider's attack. The wolf spider misses you.
Drink which item? (? for menu, Esc to quit)
You feel better. You block the wolf spider's attack. The wolf spider bites you!
* * * LOW HITPOINT WARNING * * *
The tengu reaver gestures at you while chanting.
The bolt of poison hits you! You resist.
You die...

#### ##### ...# §#≈##
...# §≈≈≈## ...#
§*%≈## <..# . ..[≈≈#
.<.# (.# #. #s§§##
<..# $.e ##.###Qs§≈#
...# ≈.. ##...#.@)§##
#####≈$.##.|....§)≈§#
####≈##.....).##.?§##
≈≈≈≈###+.....###.§≈§#
..$.##.#+...##%).?§##
.#...+#.#+..##)#.$≈≈#
.#....+#.#'......!≈##
#......+#.##[$$$?)≈≈#
.....<..'###≈≈≈≈≈§≈##


You could see a tengu reaver and 2 wolf spiders.

Vanquished Creatures
  A sphinx (D:15)
  Rupert (D:13)
  A shadow dragon (D:15)
  An azure jelly (Lair:7)
  Donald (D:13)
  A white draconian (IceCv)
  A fire dragon (D:15)
  2 yaktaur captains (D:15)
  Harold (D:14)
  15 hydras
  An ice dragon (D:15)
  Nessos (D:11)
  12 death yaks
  2 deep troll earth magi (D:15)
  5 tengu warriors
  A fire crab (D:15)
  6 centaur warriors
  3 catoblepae
  2 skeletal warriors
  2 unseen horrors (D:15)
  A deep troll (D:15)
  A wizard (D:15)
  An ice statue (IceCv)
  4 harpies (D:14)
  Pikel (D:4)
  The ghost of Bloax the Grappler, an experienced MiMo of Cheibriados (D:8)
  14 hill giants
  A lindwurm (Lair:6)
  A necromancer (D:15)
  2 orc knights
  2 red wasps
  3 wolf spiders
  2 manticores
  4 griffons
  6 elephants (Lair:5)
  A guardian serpent (Lair:8)
  Maurice (D:8)
  2 molten gargoyles (Volcano)
  8 black mambas
  3 cyclopes
  2 torpor snails (Lair:6)
  A queen ant (Lair:8)
  A gargoyle (Volcano)
  12 spiny frogs
  8 komodo dragons
  A centaur zombie (D:14)
  3 kobold demonologists
  3 yaktaurs (D:15)
  An efreet (Volcano)
  A queen bee (D:9)
  A deep elf priest (D:15)
  2 jumping spiders (Lair:6)
  2 tengu conjurers (D:13)
  2 freezing wraiths
  Grinder (D:3)
  A queen bee (shapeshifter) (D:15)
  8 trolls
  A centaur skeleton (D:12)
  2 fire vortices (Volcano)
  11 fire drakes
  A polar bear (shapeshifter) (D:13)
  18 polar bears
  4 two-headed ogres
  4 slime creatures (D:13)
  A griffon zombie (D:11)
  7 basilisks
  19 blink frogs
  A fire dragon zombie (D:15)
  4 wraiths
  2 redbacks (Lair:6)
  6 ravens
  A spriggan (shapeshifter) (D:15)
  A tarantella (shapeshifter) (D:8)
  3 shadows
  2 griffon skeletons (D:15)
  88 yaks
  A vampire (D:15)
  A trapdoor spider (D:15)
  A trapdoor spider (shapeshifter) (D:15)
  A basilisk (shapeshifter) (D:11)
  A fire elemental (Volcano)
  An ice dragon skeleton (D:15)
  15 humans
  Eustachio (D:5)
  13 wyverns
  Grum (D:9)
  A hydra simulacrum (D:15)
  11 hippogriffs
  15 ugly things
  A deep elf fighter (D:10)
  2 hill giant skeletons
  31 wolves
  A human zombie (D:13)
  Prince Ribbit (D:8)
  Edmund (D:6)
  5 vampire mosquitoes
  11 soldier ants
  15 water moccasins
  A hell hound (Lair:6)
  A mottled dragon (D:15)
  A tengu skeleton (D:15)
  3 orc warriors
  12 porcupines
  4 ice beasts
  An orc zombie (D:13)
  2 ogres
  7 phantoms
  8 spiders (Lair:8)
  6 yellow wasps
  2 sky beasts
  A necrophage (D:11)
  14 centaurs
  14 crocodiles
  Duvessa (D:8)
  6 big kobolds
  A boring beetle (Lair:7)
  A brain worm (D:15)
  Blork the orc (D:9)
  A lava worm (Volcano)
  An earth elemental (Volcano)
  An eye of draining (D:15)
  22 giant frogs
  A hippogriff zombie (D:12)
  A troll zombie (D:13)
  2 boulder beetle zombies (D:15)
  A wight (D:15)
  A hippogriff skeleton (D:13)
  2 electric eels (Lair:3)
  25 killer bees
  2 bog bodies (Ossuary)
  2 giant frog zombies
  2 goliath beetles
  6 crimson imps
  A gnoll shaman (D:6)
  A two-headed ogre zombie (D:11)
  10 hounds
  8 jellies
  A soldier ant zombie (D:9)
  4 orc priests (D:9)
  15 iguanas
  A black bear skeleton (D:5)
  A giant frog skeleton (D:4)
  14 orc wizards
  45 worker ants
  17 sheep
  Ijyb (D:5)
  A mottled dragon skeleton (D:14)
  2 ogre zombies
  A sky beast zombie (Ossuary)
  2 ogre skeletons
  Terence (D:2)
  5 mummies
  A worker ant zombie (Ossuary)
  5 shadow imps
  30 adders
  3 giant mites
  13 gnolls
  69 green rats
  12 white imps (Lair:4)
  4 worms
  An iguana zombie (Ossuary)
  Dowan (D:8)
  6 giant geckos
  38 orcs
  A ball python (D:3)
  24 bats
  A bat zombie (D:6)
  5 giant cockroaches
  14 hobgoblins
  34 kobolds
  11 quokkas
  A giant gecko skeleton (D:5)
  8 giant newts
  12 goblins
  21 jackals
  An orc skeleton (D:4)
  27 rats
  A rat zombie (D:6)
  2 fungi (Lair:8)
1110 creatures vanquished.

Vanquished Creatures (collateral kills)
  A human (D:13)
  A killer bee (D:13)
2 creatures vanquished.

Vanquished Creatures (others)
  A slave (D:4)
  A crimson imp (D:15)
  An orc wizard (D:4)
  An iguana (D:4)
  A worker ant (D:4)
  An adder (D:4)
  2 orcs (D:4)
  3 hobgoblins (D:4)
  A kobold (D:4)
  A goblin (D:4)
  3 fungi (Lair:8)
  4 plants
20 creatures vanquished.

Grand Total: 1132 creatures vanquished

Notes
Turn   | Place    | Note
--------------------------------------------------------------
     0 | D:1      | PolkaDot, the Vampire Enchanter, began the quest for the Orb.
     0 | D:1      | Reached XP level 1. HP: 13/13 MP: 3/3
   262 | D:1      | Reached XP level 2. HP: 19/19 MP: 2/4
   286 | D:1      | Learned a level 2 spell: Ensorcelled Hibernation
  1019 | D:2      | Reached skill level 1 in Ice Magic
  1061 | D:2      | Reached XP level 3. HP: 21/24 MP: 3/6
  1898 | D:2      | Reached XP level 4. HP: 26/30 MP: 4/7
  2199 | D:2      | Reached skill level 5 in Stealth
  2260 | D:2      | Reached skill level 5 in Hexes
  2783 | D:2      | Noticed Terence
  2789 | D:2      | Killed Terence
  2878 | D:3      | Noticed a phantom
  2902 | D:2      | Learned a level 3 spell: Confuse
  2992 | D:3      | Killed a phantom
  2992 | D:3      | Reached skill level 6 in Hexes
  2992 | D:3      | Reached XP level 5. HP: 24/35 MP: 0/9
  3220 | D:3      | Noticed Grinder
  3242 | D:3      | Killed Grinder
  3242 | D:3      | Reached skill level 7 in Hexes
  3242 | D:3      | Reached XP level 6. HP: 32/41 MP: 7/10
  3501 | D:3      | Reached skill level 5 in Short Blades
  3533 | D:3      | Found a burning altar of Makhleb.
  3543 | D:3      | Became a worshipper of Makhleb the Destroyer
  3797 | D:3      | Found a sparkling altar of Nemelex Xobeh.
  3950 | D:4      | Noticed Pikel
  3989 | D:4      | Reached XP level 7. HP: 39/46 MP: 7/12
  4037 | D:4      | Found a radiant altar of Vehumet.
  4082 | D:4      | Reached skill level 8 in Hexes
  4152 | D:4      | Killed Pikel
  4152 | D:4      | Reached skill level 9 in Hexes
  4152 | D:4      | Reached XP level 8. HP: 48/52 MP: 5/13
  4185 | D:4      | Found a snail-covered altar of Cheibriados.
  4392 | D:4      | Found a blossoming altar of Fedhas.
  4505 | D:4      | Found a sand-covered staircase.
  4519 | Ossuary  | Entered an ossuary
  4557 | Ossuary  | Reached skill level 10 in Hexes
  4625 | Ossuary  | Acquired Makhleb's first power
  5359 | D:4      | Found Giamach's Food Shop.
  5819 | D:4      | Noticed an oklob plant
  5908 | D:5      | Entered Level 5 of the Dungeon
  6070 | D:5      | Acquired Makhleb's second power
  6077 | D:5      | Reached skill level 11 in Hexes
  6197 | D:5      | Noticed Eustachio
  6202 | D:5      | Noticed Ijyb
  6204 | D:5      | Killed Eustachio
  6208 | D:5      | Killed Ijyb
  6733 | D:6      | Found a basalt altar of Yredelemnul.
  6841 | D:6      | Reached XP level 9. HP: 57/57 MP: 9/14
  7033 | D:6      | Found Muifiank's Magic Scroll Boutique.
  7036 | D:6      | Bought a scroll of enchant armour for 82 gold pieces
  7036 | D:6      | Bought a scroll of identify for 22 gold pieces
  7036 | D:6      | Bought a scroll of blinking for 82 gold pieces
  7064 | D:6      | Acquired Makhleb's third power
  7348 | D:6      | Reached skill level 12 in Hexes
  7466 | D:6      | Found an ancient bone altar of Kikubaaqudgha.
  7535 | D:6      | Found a glowing silver altar of Zin.
  7689 | D:6      | Noticed Edmund
  7695 | D:6      | Killed Edmund
  7695 | D:6      | Reached skill level 10 in Stealth
  7957 | D:7      | Acquired Makhleb's fourth power
  8043 | D:7      | Reached skill level 13 in Hexes
  8177 | D:7      | Found a deep blue altar of Sif Muna.
  8193 | D:7      | Identified Sif Muna's Compendium of Evil Arts
  8215 | D:7      | Found a staircase to the Ecumenical Temple.
  8648 | D:8      | Noticed Prince Ribbit
  8677 | D:8      | Killed Prince Ribbit
  8713 | D:8      | Noticed Dowan
  8720 | D:8      | Noticed Duvessa
  8742 | D:8      | Killed Dowan
  8755 | D:8      | Killed Duvessa
  8885 | D:8      | Noticed Bloax's ghost (experienced MiMo)
  9007 | D:8      | Killed Bloax's ghost
  9007 | D:8      | Reached skill level 14 in Hexes
  9013 | D:8      | Reached XP level 10. HP: 57/63 MP: 10/16
  9082 | D:8      | Acquired Makhleb's fifth power
  9352 | D:8      | Noticed Maurice
  9354 | D:8      | Killed Maurice
  9354 | D:8      | Reached skill level 1 in Evocations
  9687 | D:9      | Noticed Blork the orc
  9694 | D:9      | Killed Blork the orc
  9737 | D:9      | Reached skill level 15 in Hexes
  9977 | D:9      | Noticed Grum
  9986 | D:9      | Killed Grum
 10121 | D:9      | Reached skill level 5 in Evocations
 10191 | D:9      | Found a shimmering altar of Xom.
 10386 | D:9      | Found a glowing silver altar of Zin.
 10475 | D:9      | Found a snail-covered altar of Cheibriados.
 10796 | D:10     | Entered Level 10 of the Dungeon
 11270 | D:10     | Found a staircase to the Lair.
 11273 | D:10     | Reached XP level 11. HP: 68/68 MP: 20/20
 11493 | D:10     | Learned a level 4 spell: Enslavement
 11497 | D:10     | Learned a level 3 spell: Dazzling Spray
 12259 | D:11     | Found a staircase to the Orcish Mines.
 12336 | D:11     | Noticed a hill giant
 12362 | D:11     | Killed a hill giant
 12362 | D:11     | Reached skill level 16 in Hexes
 12762 | D:11     | Noticed a tengu warrior
 12776 | D:11     | Killed a tengu warrior
 12889 | D:11     | Noticed a hill giant
 12889 | D:11     | Noticed Nessos
 12945 | D:11     | Killed Nessos
 12945 | D:11     | Reached skill level 10 in Short Blades
 12948 | D:11     | Killed a hill giant
 12952 | D:11     | Identified the Almanac of Conjuration
 13137 | Lair:1   | Entered Level 1 of the Lair of Beasts
 13742 | Lair:1   | Reached XP level 12. HP: 74/74 MP: 22/22
 14838 | Lair:2   | Identified a scroll of acquirement
 14840 | Lair:2   | Got a faintly humming leather armour
 14848 | Lair:2   | Identified the +2 leather armour "Peam" {Str+2 Dex-4} (You acquired it on level 2 of the Lair of Beasts)
 14929 | Lair:2   | Reached skill level 17 in Hexes
 15162 | Lair:2   | Noticed a five-headed hydra
 15171 | Lair:2   | Killed a five-headed hydra
 15171 | Lair:2   | Reached skill level 15 in Stealth
 15421 | Lair:2   | Got a crude robe
 15433 | Lair:2   | Learned a level 2 spell: Sure Blade
 16066 | Lair:3   | Found a staircase to the Swamp.
 17257 | Lair:4   | Found a frozen archway.
 17298 | IceCv    | Entered an ice cave
 17523 | IceCv    | Reached skill level 10 in Evocations
 18114 | IceCv    | Reached XP level 13. HP: 79/79 MP: 23/26
 18121 | IceCv    | Reached skill level 18 in Hexes
 18772 | IceCv    | Noticed a white draconian
 18794 | IceCv    | Killed a white draconian
 18895 | Lair:4   | Noticed an eight-headed hydra
 18900 | Lair:4   | Killed an eight-headed hydra
 19687 | Lair:4   | Noticed a five-headed hydra
 19696 | Lair:4   | Killed a five-headed hydra
 21037 | Lair:5   | Identified the cursed -2 robe of Pantheism {rC+ MR+} (You found it on level 2 of the Lair of Beasts)
 21049 | Lair:5   | Reached skill level 19 in Hexes
 21797 | Lair:6   | Reached XP level 14. HP: 85/85 MP: 27/29
 22144 | Lair:6   | Found a hole to the Spider Nest.
 23675 | Lair:7   | Reached skill level 15 in Evocations
 23884 | Lair:7   | Noticed an azure jelly
 23885 | Lair:7   | Found a staircase to the Slime Pits.
 23891 | Lair:7   | Killed an azure jelly
 25339 | Lair:8   | Entered Level 8 of the Lair of Beasts
 25359 | Lair:8   | Found a dark tunnel.
 25369 | Volcano  | Entered a volcano
 25432 | Volcano  | Found a bloodstained altar of Trog.
 26242 | Lair:8   | Reached XP level 15. HP: 90/90 MP: 29/31
 27248 | Lair:8   | Got a brightly glowing silver ring
 27250 | Lair:8   | Identified the ring of Steahu {rC+ Str+3} (You found it on level 8 of the Lair of Beasts)
 27722 | Lair:8   | Learned a level 3 spell: Flight
 27951 | D:11     | Noticed a five-headed hydra
 27965 | D:11     | Killed a five-headed hydra
 28856 | D:13     | Found a gate to the Vaults.
 28856 | D:13     | Noticed Rupert
 28856 | D:13     | Noticed Donald
 28860 | D:13     | Killed Rupert
 28860 | D:13     | Reached skill level 20 in Hexes
 28864 | D:13     | Killed Donald
 29384 | D:13     | Learned a level 4 spell: Cause Fear
 29544 | D:13     | Reached skill level 1 in Shields
 30455 | D:14     | Found a portal to a secret trove of treasure.
 30882 | D:14     | Noticed Harold
 30890 | D:14     | Killed Harold
 31209 | D:14     | Reached skill level 5 in Spellcasting
 31218 | D:14     | Reached XP level 16. HP: 96/96 MP: 14/32
 32091 | D:15     | Entered Level 15 of the Dungeon
 32142 | D:15     | Reached skill level 5 in Shields
 32568 | D:15     | Found a radiant altar of Vehumet.
 32568 | D:15     | Found a basalt altar of Yredelemnul.
 32568 | D:15     | Found an ancient bone altar of Kikubaaqudgha.
 32676 | D:15     | Reached skill level 21 in Hexes
 33212 | D:15     | Reached skill level 5 in Dodging
 33730 | D:15     | Killed from afar by a tengu reaver

Action                   |  1- 3 |  4- 6 |  7- 9 | 10-12 | 13-15 | 16-18 || total
-------------------------+-------+-------+-------+-------+-------+-------++-------
Melee: Dagger            |    89 |    96 |   360 |   460 |  1123 |   234 ||  2362
 Cast: Corona            |     5 |       |     3 |     4 |     7 |     1 ||    20
       Ensorcelled Hiber |    12 |    28 |    75 |   115 |   206 |    39 ||   475
       Confuse           |       |     5 |    40 |     8 |    14 |    11 ||    78
       Enslavement       |       |       |       |     1 |    12 |       ||    13
       Dazzling Spray    |       |       |       |       |    12 |    10 ||    22
 Abil: End Transformatio |       |       |     2 |       |     1 |       ||     3
       Bat Form          |       |       |     2 |       |     1 |       ||     3
       Evoke Invisibilit |       |       |       |    27 |    39 |    12 ||    78
       Turn Visible      |       |       |       |     9 |    19 |     6 ||    34
Evoke: Wand              |       |       |     3 |     5 |     2 |       ||    10
  Use: Scroll            |       |     4 |    12 |    14 |    16 |     2 ||    48
       Potion            |       |     2 |     1 |     3 |     3 |     3 ||    12
 Stab: Sleeping          |    19 |    23 |    76 |   231 |   303 |    60 ||   712
       Confused          |       |     6 |    24 |     3 |     9 |    11 ||    53
       Distracted        |       |       |     1 |     4 |    11 |     2 ||    18
       Invisible         |       |       |       |    32 |   107 |    22 ||   161
       Betrayed ally     |       |       |       |     1 |       |       ||     1
       Petrified         |       |       |       |       |     2 |     1 ||     3
       Petrifying        |       |       |       |       |     1 |       ||     1
